 Dungeon Crawl Stone Soup version 0.21-a0-442-g848f44b (webtiles) character file.

11 slep the Sneak (level 2, -7/21 HPs)
             Began as a Demonspawn Wanderer on Nov 15, 2017.
             Killed from afar by Natasha (8 damage)
             ... with a magic dart
             ... on level 2 of the Dungeon.
             The game lasted 00:01:11 (341 turns).

slep the Sneak (Demonspawn Wanderer)                 Turns: 341, Time: 00:01:12

Health: -7/21      AC:  3    Str: 12    XL:     2   Next: 13%
Magic:  2/2        EV: 11    Int: 13    God:
Gold:   4          SH:  0    Dex: 12    Spells: 1/1 levels left

rFire    . . .     SeeInvis .   c - +0 falchion
rCold    . . .     Gourm    .   (no shield)
rNeg     . . .     Faith    .   a - +0 leather armour
rPois    .         Spirit   .   (no helmet)
rElec    .         Reflect  .   (no cloak)
rCorr    .         Harm     .   (no gloves)
MR       .....                  (no boots)
Stlth    ++........             g - amulet of magic regeneration
HPRegen  0.07/turn              (no ring)
MPRegen  0.33/turn              (no ring)

@: no status effects
A: claws 1
a: no special abilities


You were on level 2 of the Dungeon.
You were not hungry.

You visited 1 branch of the dungeon, and saw 2 of its levels.

You collected 4 gold pieces.

Inventory:

Hand Weapons
 c - a +0 falchion (weapon)
 e - a +0 dagger
Missiles
 b - 4 throwing nets (quivered)
Armour
 a - a +0 leather armour (worn)
Jewellery
 g - an amulet of magic regeneration (around neck)
Scrolls
 d - a scroll of teleportation
Comestibles
 f - a bread ration


   Skills:
 + Level 1.0 Fighting
 + Level 3.1 Long Blades
 + Level 1.0 Throwing
 + Level 1.0 Dodging
 + Level 3.8 Stealth


You had one spell level left.
You didn't know any spells.

Dungeon Overview and Level Annotations

Branches:
Dungeon (1/15)

Altars:
The Shining One

Annotations:
D:2 Natasha


Innate Abilities, Weirdness & Mutations

You have sharp fingernails.


Message History

Natasha is heavily wounded.
Natasha closely misses you.
You closely miss Natasha.
Natasha is heavily wounded.
Natasha closely misses you. Natasha claws you.
You hit Natasha.
Natasha is heavily wounded.
Natasha claws you.
You hit Natasha.
Natasha is almost dead.
Natasha claws you!
* * * LOW HITPOINT WARNING * * *
You barely miss Natasha.
Natasha is almost dead.
Natasha casts a spell.
You barely miss Natasha.
Natasha is almost dead.
Natasha stares at you and mumbles some strange words.
The magic dart hits you!
You die...

# .# # ..# #.# ..
....######.#..#
#..[.......h5....# #.....#
#.@# #.....# #..# ####
#.....# #..# .... .....#
#..# # #### #....#
#..#####.# #### #....#
#........#.# ...#####....#
#.#........#
............###.#.########
.....####.......#.#########


You could see Natasha and a crimson imp.

Vanquished Creatures
  An ooze (D:2)
  2 bats (D:2)
  2 goblins
  A hobgoblin (D:1)
6 creatures vanquished.

Notes
Turn   | Place    | Note
-------+----------+-------------------------------------------
     0 | D:1      | slep the Demonspawn Wanderer began the quest for the Orb.
     0 | D:1      | slep set off with: a +0 leather armour, 4 throwing nets, a +0 falchion, a scroll of teleportation, a +0 dagger, a bread ration
     0 | D:1      | Reached XP level 1. HP: 15/15 MP: 1/1
    66 | D:1      | You fall through a shaft!
   106 | D:2      | Gained mutation: You have sharp fingernails. [demonic ancestry]
   106 | D:2      | Reached XP level 2. HP: 18/21 MP: 2/2
   253 | D:2      | Found a glowing golden altar of the Shining One.
   332 | D:2      | Noticed Natasha
   339 | D:2      | HP: 1/21 [Natasha (7)]
   341 | D:2      | Noticed a crimson imp
   341 | D:2      | Killed from afar by Natasha

Vault maps used:
D:1:      dpeg_arrival_water_altar
D:2:      old_standard_altar, elyvilon_altar_4, first_bread, serial_glass,
          glass_columns_a, glass_columns_b, uniq_natasha

Skill      XL: |  1 |
---------------+----+-----
Long Blades    | 3 |  3.1
Fighting       | |  1.0
Throwing       | |  1.0
Dodging        | |  1.0
Stealth        | |  3.8

Action                   || total
-------------------------++-------
Melee: Falchion          ||    30
 Stab: Sleeping          ||     1
Armor: Leather armour    ||     8
Dodge: Dodged            ||    18
       Rpst.: Falchion   ||     4

Table legend:
 A = Spawn XP
 B = Non-spawn XP
 C = Spawn XP percentage of total XP
 D = Spawn monster count
 E = Non-spawn monster count
 F = Spawn count percentage of total count
 G = Total turns spent on level
                    A         B        C        D         E        F      G
               +---------+---------+-------+---------+---------+-------+---------
         Total |       0 |      16 |   0.0 |       0 |       6 |   0.0 |   341
               +---------+---------+-------+---------+---------+-------+---------
           D:1 |       0 |       4 |   0.0 |       0 |       2 |   0.0 |    66
           D:2 |       0 |      12 |   0.0 |       0 |       4 |   0.0 |   275
               +---------+---------+-------+---------+---------+-------+---------
